 Dungeon Sprint DCSS version 0.17-a0-1184-gb75be8f (webtiles) character file.

948 Kidiri the Protected (level 8, -4/49 HPs)
             Began as a Gargoyle Fighter on June 1, 2015.
             Was a Follower of Okawaru.
             Killed from afar by Erica (20 damage)
             ... with an orb of energy
             ... in the Dungeon (Sprint III: "The Ten Rune Challenge").
             The game lasted 00:07:07 (1616 turns).

Kidiri the Protected (Gargoyle Fighter)             Turns: 1616, Time: 00:07:07

Health: -4/49      AC: 15    Str: 22    XL:     8   Next: 13%
Magic:  7/8        EV: 11    Int:  7    God:    Okawaru [*.....]
Gold:   37         SH: 13    Dex:  9    Spells: 0 memorised, 7 levels left

rFire  . . .     SeeInvis .     a - +0 flail
rCold  . . .     Clarity  .     b - +0 scale mail
rNeg   + . .     SustAt   .     c - +0 shield
rPois  ∞         Gourm    .     (no helmet)
rElec  +         Spirit   .     (no cloak)
rCorr  .         Warding  .     (no gloves)
rMut   .         NoTele   +     (no boots)
MR     .....                    (no amulet)
Stlth  +.........               (no ring)
                                (no ring)

@: heroism, not resistant to hostile enchantments, very unstealthy
A: dopey 1, frail 1, mutation resistance 1, negative energy resistance 1,
electricity resistance, wild magic 1, unbreathing, petrification resistance, rot
immunity, AC +5
a: Heroism, Renounce Religion


You were in the Dungeon.
You worshipped Okawaru.
Okawaru was aware of your devotion.
You were not hungry.

You visited 1 branch You collected 37 gold pieces.

Inventory:

Hand weapons
 a - a +0 flail (weapon)
Armour
 b - a +0 scale mail (worn)
 c - a +0 shield (worn)
Scrolls
 k - a scroll of blinking
 m - 2 scrolls of torment {unknown}
 n - 2 scrolls of identify
 o - a scroll of amnesia {unknown}
 r - a scroll of recharging {unknown}
 s - a scroll of remove curse {unknown}
Potions
 d - a potion of cure mutation {unknown}
 i - 2 potions of magic
 q - 4 potions of flight
Books
 g - a book of the Dragon

   Spells                             Type                      Level
   a - Flame Tongue                   Conjuration/Fire             1
   b - Cause Fear                     Hexes                        4
   c - Bolt of Fire                   Conjuration/Fire             6
   d - Dragon Form                    Transmutation                7
   e - Dragon's Call                  Summoning                    9
Comestibles
 e - a bread ration
 p - 2 royal jellies


   Skills:
 + Level 8.3(13.3) Fighting
 * Level 10.3(15.3) Maces & Flails
 * Level 11.2(16.2) Armour
 + Level 8.4(13.4) Shields
 + Level 1.2 Invocations


You had 7 spell levels left.
You didn't know any spells.

Dungeon Overview and Level Annotations

Branches:
Dungeon (1/1)

Altars:
Dithmenos
Elyvilon
Gozag
Kikubaaqudgha
Makhleb
Nemelex Xobeh
Okawaru
Qazlal
Ru
Sif Muna
Trog
Vehumet
Xom
Zin
The Shining One
Jiyva
Lugonu

Annotations:
D Erica


Innate Abilities, Weirdness & Mutations

You are resistant to torment.
Your stone body is resilient (AC +5).
You are immune to poison.
You resist negative energy.
You are resistant to electric shocks.
You can survive without breathing.
You are immune to petrification.
You are immune to rotting.
You are dopey. (Int -2)
You are frail (-10% HP).
You are somewhat resistant to further mutation.
Your spells are a little harder to cast, but a little more powerful.


Message History

Your unstable footing causes you to fumble your attack.
You closely miss Erica.
Erica is heavily wounded.
Erica hits you but does no damage.
Your unstable footing causes you to fumble your attack.
Your unstable footing causes you to fumble your attack.
Erica hits you with a scimitar of flaming.
Erica burns you.
Your unstable footing causes you to fumble your attack.
Erica hits you but does no damage.
You thump Erica!
Erica is heavily wounded.
You block Erica's attack.
You closely miss Erica.
Erica is heavily wounded.
You sock Erica!
Erica is severely wounded.
Erica points at you and mumbles some strange words.
The orb of energy hits you!
You die...

.#)..#...#
.###'#'###+##
)#..........#
.'.⌠........#
.#...######'#
.#.⌠.#__#...#+#####
.#...#__#...#..§§§+
.#)###__#...#.#§§§#
.#...#__#...'.#@@§#
.#___#_.'...#.#§§§#
▓▓▓▓▓▓▓▓▓▓▓▓▓▓▓▓▓▓▓


You could see Erica.

Vanquished Creatures
  A deep elf priest (D)
  A shadow (D)
  A spatial vortex (D)
  A water elemental (D)
  A jelly (D)
  A wizard (D)
  3 humans (D)
  A kobold demonologist (D)
  A phantom (D)
  4 rats (D)
15 creatures vanquished.

Vanquished Creatures (others)
  2 draconian scorchers (D)
  2 yaktaurs (D)
4 creatures vanquished.

Grand Total: 19 creatures vanquished

Notes
Turn   | Place    | Note
--------------------------------------------------------------
     0 | D        | Kidiri the Gargoyle Fighter began the quest for the Orb.
     0 | D        | Reached XP level 1. HP: 14/14 MP: 1/1
   102 | D        | Gained mutation: You are somewhat resistant to further mutation. [potion of mutation]
   102 | D        | Gained mutation: Your spells are a little harder to cast, but a little more powerful. [potion of mutation]
   104 | D        | Gained mutation: Potions and wands are less effective at restoring your health. [potion of mutation]
   105 | D        | Gained mutation: You are dopey. (Int -2) [potion of mutation]
   105 | D        | Lost mutation: Potions and wands are less effective at restoring your health. [potion of mutation]
   106 | D        | Gained mutation: You are frail (-10% HP). [potion of mutation]
   116 | D        | Killed a yaktaur
   226 | D        | Killed a white draconian scorcher
   321 | D        | Reached skill level 4 in Fighting
   321 | D        | Reached XP level 2. HP: 12/18 MP: 2/2
   321 | D        | Reached XP level 3. HP: 14/21 MP: 3/3
   419 | D        | Killed a white draconian scorcher
   429 | D        | Noticed a water elemental
   436 | D        | Killed a water elemental
   436 | D        | Reached skill level 5 in Maces & Flails
   436 | D        | Reached skill level 6 in Armour
   436 | D        | Reached skill level 5 in Shields
   436 | D        | Reached XP level 4. HP: 23/27 MP: 4/4
   471 | D        | Killed a yaktaur
   555 | D        | Found a radiant altar of Vehumet.
   555 | D        | Found a deep blue altar of Sif Muna.
   555 | D        | Found an ancient bone altar of Kikubaaqudgha.
   555 | D        | Noticed a wizard
   559 | D        | Noticed a sixfirhy
   565 | D        | Noticed a sixfirhy
   571 | D        | Noticed a red devil
   582 | D        | Killed a wizard
   582 | D        | Reached skill level 5 in Fighting
   591 | D        | Noticed a ynoxinul
   595 | D        | Reached XP level 5. HP: 11/31 MP: 5/5
   796 | D        | Found an iron altar of Okawaru.
   796 | D        | Found a bloodstained altar of Trog.
   796 | D        | Noticed a human
   798 | D        | Noticed a human
   832 | D        | Killed a human
   832 | D        | Reached skill level 7 in Maces & Flails
   832 | D        | Reached skill level 8 in Armour
   832 | D        | Reached XP level 6. HP: 8/37 MP: 6/6
   837 | D        | Killed a human
   837 | D        | Reached skill level 9 in Armour
   852 | D        | Became a worshipper of Warmaster Okawaru
  1082 | D        | Found a glowing silver altar of Zin.
  1082 | D        | Found a glowing golden altar of the Shining One.
  1082 | D        | Found a white marble altar of Elyvilon.
  1083 | D        | Noticed a deep elf priest
  1092 | D        | Killed a deep elf priest
  1092 | D        | Acquired Okawaru's first power
  1092 | D        | Reached skill level 10 in Armour
  1092 | D        | Reached XP level 7. HP: 20/43 MP: 7/7
  1268 | D        | Noticed a jelly
  1269 | D        | Noticed a shadow
  1284 | D        | Killed a shadow
  1284 | D        | Reached skill level 10 in Maces & Flails
  1289 | D        | Killed a jelly
  1289 | D        | Reached skill level 11 in Armour
  1552 | D        | Found a stormy altar of Qazlal.
  1552 | D        | Found a sacrificial altar of Ru.
  1552 | D        | Found a burning altar of Makhleb.
  1552 | D        | Found a shimmering altar of Xom.
  1552 | D        | Noticed a spatial vortex
  1553 | D        | Found a viscous altar of Jiyva.
  1553 | D        | Found a shadowy altar of Dithmenos.
  1553 | D        | Found a sparkling altar of Nemelex Xobeh.
  1553 | D        | Found a corrupted altar of Lugonu.
  1553 | D        | Found an opulent altar of Gozag.
  1576 | D        | Killed a spatial vortex
  1576 | D        | Reached skill level 1 in Invocations
  1576 | D        | Reached XP level 8. HP: 47/49 MP: 8/8
  1592 | D        | Noticed Erica
  1616 | D        | Killed from afar by Erica

Vault maps used:
D:        dungeon_sprint_mu

Action                   |  1- 3 |  4- 6 |  7- 9 || total
-------------------------+-------+-------+-------++-------
Melee: Flail             |    35 |    76 |    54 ||   165
Invok: Heroism           |       |       |     1 ||     1
  Use: Potion            |     8 |     4 |       ||    12
  Eat: Chunk             |       |     2 |       ||     2
       Bread ration      |       |       |     1 ||     1
